Map: King Sejong Station LE

Players

Abricoragzi

  • Race: Terran Terran
  • League: Master

Miszu - Winner!

  • Race: Protoss Protoss
  • League: Master

VOD

Have the link to the VOD?

Description

Time

  • Played on: June 27, 2016, 8:13 p.m.
  • Length: 6:29
Show
View Real Time Build Order
Export as new Build Order

Abricoragzi Terran 

Build Orders: Reaper Expand 

Get SALT Encoding   

  12  0:00  SCV  
  13  0:12  SCV  
  14  0:17  Supply Depot  
  14  0:25  SCV  
  15  0:38  SCV  
  15  0:40  Barracks  
  16  0:45  Refinery  
  16  0:57  Engineering Bay  
  16  1:00  SCV  
  17  1:12  SCV  
  18  1:24  SCV  
  19  1:28  Reaper  
  20  1:37  Orbital Command  
  20  1:57  Command Center  
  20  2:06  Barracks Reactor  
  20  2:10  Supply Depot  
  20  2:12  SCV  
  21  2:21  Engineering Bay  
  21  2:33  Barracks  
  21  2:36  SCV  
  22  2:41  Marine  
  22  2:42  Marine  
  24  2:48  SCV  
  25  2:57  Missile Turret  
  25  2:59  Marine x2  
  27  3:07  Factory  
  27  3:16  Orbital Command  
  27  3:24  Bunker  
  27  3:26  Marine  
  28  3:29  Marine  
  26  3:34  Marine  
  23  3:44  Marine  
  23  3:47  Marine  
  25  3:52  Marine  
  25  3:55  Bunker  
  26  4:00  Widow Mine  
  28  4:09  Missile Turret  
  28  4:16  Refinery  
  28  4:24  Marine  
  28  4:29  Marine  
  28  4:30  Missile Turret  
  30  4:34  Marine  
  31  4:40  Factory Reactor  
  31  4:44  Starport  
  31  4:51  Marine x2  
  33  5:05  Supply Depot x2  
  33  5:29  Viking x2  
  37  5:43  Marine  
  34  6:01  Marine  
Show
View Real Time Build Order
Export as new Build Order

Miszu Protoss - Winner!

Build Orders: Oracle Opening 

Get SALT Encoding   

  12  0:01  Probe (Chrono Boost)  
  13  0:11  Probe (Chrono Boost)  
  14  0:18  Pylon  
  14  0:22  Probe (Chrono Boost)  
  15  0:36  Probe (Chrono Boost)  
  15  0:39  Gateway  
  16  0:45  Assimilator  
  16  0:47  Probe (Chrono Boost)  
  17  0:53  Assimilator  
  17  0:57  Probe (Chrono Boost)  
  18  1:08  Probe (Chrono Boost)  
  20  1:18  Probe (Chrono Boost)  
  20  1:21  Pylon  
  20  1:27  Cybernetics Core  
  20  1:29  Probe (Chrono Boost)  
  21  1:39  Probe (Chrono Boost)  
  22  1:50  Probe (Chrono Boost)  
  23  2:03  Stargate  
  23  2:04  Stalker (Chrono Boost)  
  23  2:05  Warp Gate  
  25  2:12  Pylon  
  24  2:21  Mothership Core  
  28  2:43  Pylon  
  28  2:51  Oracle (Chrono Boost)  
  29  2:53  Probe  
  30  3:01  Stalker  
  32  3:13  Gateway  
  32  3:14  Gateway  
  32  3:24  Void Ray (Chrono Boost)  
  36  3:53  Gateway  
  36  4:03  Pylon  
  39  4:10  Void Ray (Chrono Boost)  
  39  4:48  Void Ray (Chrono Boost)  
  43  4:54  Stalker x2  
  43  4:58  Pylon  
  47  5:00  Pylon  
  47  5:17  Sentry  
  49  5:22  Stalker x2  
  49  5:23  Zealot  
  55  5:53  Zealot x3  
  55  5:54  Zealot  
Tags
 
Add a new tag
Caveats
  • Supply blocks, unpowered buildings, or Contaminate may cause inaccurate times.
  • Supply counts are checked every 10 seconds.